 Dungeon Crawl Stone Soup version 0.22-a0-183-g9e71ff9 (webtiles) character file.

44681 wolfsongas the Severer (level 13, 0/126 HPs)
             Began as a Deep Dwarf Fighter on Feb 14, 2018.
             Was the Champion of Okawaru.
             Slain by a dire elephant (6 damage)
             ... on level 6 of the Lair of Beasts.
             The game lasted 00:33:47 (13704 turns).

wolfsongas the Severer (Deep Dwarf Fighter)        Turns: 13704, Time: 00:33:48

Health: 0/126      AC: 24    Str: 27    XL:     13   Next: 97%
Magic:  0/0        EV:  5    Int: 14    God:    Okawaru [******]
Gold:   1094       SH: 23    Dex: 14    Spells: 12/12 levels left

rFire    + . .     SeeInvis .   a - +1 war axe (freeze)
rCold    . . .     Gourm    .   G - +3 large shield
rNeg     . . .     Faith    .   v - +4 plate armour of the Sacrificial Victim {Slay+5}
rPois    .         Spirit   .   c - +2 helmet
rElec    .         Reflect  .   w - scarf {cloud immunity}
rCorr    .         Harm     .   (no gloves)
MR       +....                  D - +0 pair of boots of the Shining Light {Str+2 Int+5 Dex-4}
Stlth    ..........             y - amulet of magic regeneration
HPRegen  0.00/turn              e - +4 ring of dexterity
MPRegen  0.32/turn              r - ring of protection from fire

@: non-regenerating, very slow
A: damage resistance, heal wounds, talons 1, agile 1, sense surroundings 2, no
regeneration
a: Heal Wounds, Heroism, Finesse, Renounce Religion


You were on level 6 of the Lair of Beasts.
You worshipped Okawaru.
Okawaru was exalted by your worship.
You were not hungry.

You visited 2 branches of the dungeon, and saw 17 of its levels.
You also visited: Ossuary and Bailey.

You collected 1094 gold pieces.

Inventory:

Hand Weapons
 a - a +1 war axe of freezing (weapon)
Armour
 c - a +2 helmet (worn)
 v - the +4 plate armour of the Sacrificial Victim (worn) {Slay+5}
   (Okawaru gifted it to you on level 4 of the Lair of Beasts)

   It affects your accuracy and damage with ranged weapons and melee attacks
   (+5).
 w - a scarf of cloud immunity (worn)
 D - the +0 pair of boots of the Shining Light (worn) {Str+2 Int+5 Dex-4}
   (Okawaru gifted it to you on level 1 of the Lair of Beasts)

   It affects your strength (+2).
   It affects your intelligence (+5).
   It affects your dexterity (-4).
 G - a +3 large shield (worn)
Jewellery
 e - a +4 ring of dexterity (left hand)
 r - a ring of protection from fire (right hand)
 y - an amulet of magic regeneration (around neck)
Wands
 g - a wand of iceblast (25)
 o - a wand of flame (17)
Scrolls
 d - a scroll of enchant weapon
 h - 2 scrolls of magic mapping
 k - 7 scrolls of remove curse
 l - 2 scrolls of teleportation
 n - a scroll of blinking
 p - 4 scrolls of identify
 q - a scroll of summoning
 s - a scroll of torment
 t - 3 scrolls of silence
 u - 2 scrolls of fog
 x - a scroll of brand weapon
Potions
 b - 2 potions of magic
 i - 10 potions of brilliance
 j - 3 potions of cancellation
 m - 3 potions of curing
Comestibles
 f - 26 rations
 z - 6 chunks of flesh


   Skills:
 + Level 10.8 Fighting
 * Level 16.5 Axes
 + Level 11.2 Armour
 + Level 12.6 Shields


You had 12 spell levels left.
You didn't know any spells.

Dungeon Overview and Level Annotations

Branches:
Dungeon (11/15)            Temple (0/1) D:6            Lair (6/6) D:9
 Shoals (0/4) Lair:2        Snake (0/4) Lair:2        Slime (0/5) Lair:5
    Orc: D:9-12

Altars:
Fedhas
Makhleb
Okawaru
Qazlal
Uskayaw
Xom
Yredelemnul
Jiyva

Shops:
D:5 (   D:9 }

Annotations:
Lair:4 Sonja


Innate Abilities, Weirdness & Mutations

You are resistant to damage.
You can heal yourself by infusing magical energy.
You passively map the area around you.
You do not regenerate.
You have sharp toenails.
You are agile. (Dex +2)


Message History

You hit the dire elephant but do no damage.
The dire elephant tramples you but does no damage.
You block the dire elephant's attack. The dire elephant tramples you!
* * * LOW HITPOINT WARNING * * *
You hold your ground!
You block the dire elephant's attack.
Your unstable footing causes you to fumble your attack.
You block the dire elephant's attack. x2
The dire elephant tramples you but does no damage.
You block the dire elephant's attack.
Your unstable footing causes you to fumble your attack.
You block the dire elephant's attack. The dire elephant trunk-slaps you.
You hit the dire elephant but do no damage.
You slash the dire elephant! You freeze the dire elephant.
You block the dire elephant's attack. x2
You slice the dire elephant!! You freeze the dire elephant!
The dire elephant is moderately wounded.
You hit the dire elephant but do no damage.
You block the dire elephant's attack. The dire elephant trunk-slaps you.
The dire elephant tramples you!
You die...

#### #..#### ......### ........#
#.#.....# ###'##''######### ####
* * * #..8#....8##.≈≈##...?## *
#...#.....'.†≈≈@Y...):# , + ,
#.#.####.8#.≈≈≈≈Y...)|# , , *,
##'#....####.≈≈≈≈#...!## ,
..P####....#≈≈≈≈.###### , , * ,
...# ####.###≈.###8.8## , ***
..[##♣♣###...#####8.⌠.8#####..,##
####♣....###...........PP....###.
#♣♣.......♣########'''########♣..
..........................♣......


You could see 2 dire elephants.

Vanquished Creatures
  Kirke (Lair:4)
  5 hydras
  An anaconda (Lair:6)
  A two-headed ogre (D:8)
  A deep elf knight (Bailey)
  8 deep elf magi (Bailey)
  8 black mambas
  The ghost of DocClef the Shield-Bearer, a novice GnFi (D:4)
  11 spiny frogs
  3 rime drakes
  5 komodo dragons
  The ghost of DazliareCantWin the Cleaver, an amateur HOBe of Trog (D:3)
  A queen bee (D:9)
  18 blink frogs
  A snapping turtle (Lair:2)
  7 dream sheep (Lair:5)
  13 hippogriffs
  Sigmund (D:2)
  12 wyverns
  4 hogs (Lair:4)
  30 yaks
  6 basilisks (Lair:5)
  Edmund (D:6)
  19 water moccasins
  A hell hound (Lair:5)
  7 porcupines
  4 orc warriors
  4 sky beasts
  3 ice beasts
  A phantom (D:10)
  2 necrophages
  6 ogres
  3 centaurs
  19 wolves
  14 crocodiles
  A big kobold (D:7)
  8 bullfrogs
  3 scorpions
  37 killer bees
  3 howler monkeys
  An electric eel (D:8)
  A crimson imp (D:9)
  A quasit (D:9)
  2 bullfrog zombies
  5 jellies
  A bullfrog skeleton (D:6)
  4 orc priests
  4 orc wizards
  Jessica (D:2)
  7 hounds
  5 iguanas
  11 worker ants
  A big kobold zombie (Ossuary)
  A hound zombie (D:7)
  2 hound skeletons
  3 mummies
  2 worker ant zombies
  4 gnolls (D:3)
  A howler monkey skeleton (D:4)
  12 adders
  8 oozes
  4 adder zombies
  2 worms (D:2)
  2 dart slugs (D:1)
  5 leopard geckos
  43 orcs
  5 bats
  2 giant cockroaches
  12 goblins
  8 hobgoblins
  11 kobolds
  2 quokkas
  3 ball pythons
  A ball python skeleton (D:4)
  6 frilled lizards
  A giant cockroach zombie (D:6)
  3 gnoll zombies (Ossuary)
  11 hobgoblin zombies
  7 kobold zombies
  A leopard gecko skeleton (D:4)
  6 orc zombies (Ossuary)
  A quokka skeleton (D:4)
  8 rats
  A fungus (Lair:1)
  5 plants
502 creatures vanquished.

Vanquished Creatures (others)
  10 fungi
  5 plants
15 creatures vanquished.

Grand Total: 517 creatures vanquished

Notes
Turn   | Place    | Note
-------+----------+-------------------------------------------
     0 | D:1      | wolfsongas the Deep Dwarf Fighter began the quest for the Orb.
     0 | D:1      | Reached XP level 1. HP: 20/20 MP: 1/1
   116 | D:1      | Reached XP level 2. HP: 25/27 MP: 2/2
   263 | D:1      | Reached skill level 3 in Axes
   638 | D:2      | Reached XP level 3. HP: 26/34 MP: 3/3
   868 | D:2      | Noticed Sigmund
   877 | D:2      | Killed Sigmund
   877 | D:2      | Reached skill level 4 in Axes
   877 | D:2      | Reached XP level 4. HP: 40/44 MP: 4/4
   877 | D:2      | Reached XP level 5. HP: 45/50 MP: 5/5
   960 | D:2      | Reached skill level 5 in Axes
  1187 | D:2      | Noticed Jessica
  1191 | D:2      | Killed Jessica
  1341 | D:2      | Reached XP level 6. HP: 44/57 MP: 6/6
  1627 | D:3      | Noticed DazliareCantWin's ghost (amateur HOBe)
  1641 | D:3      | Killed DazliareCantWin's ghost
  1641 | D:3      | Reached skill level 6 in Axes
  1641 | D:3      | Reached skill level 5 in Shields
  1641 | D:3      | Reached XP level 7. HP: 55/66 MP: 7/7
  2897 | D:4      | Noticed DocClef's ghost (novice GnFi)
  2929 | D:4      | Killed DocClef's ghost
  2929 | D:4      | Reached skill level 5 in Fighting
  2929 | D:4      | Reached skill level 7 in Axes
  2929 | D:4      | Reached XP level 8. HP: 15/74 MP: 7/7
  3373 | D:5      | Entered Level 5 of the Dungeon
  3389 | D:5      | Found an iron altar of Okawaru.
  3395 | D:5      | Became a worshipper of Warmaster Okawaru
  3427 | D:5      | Reached skill level 8 in Axes
  3475 | D:5      | Found Yptio's Weapon Emporium.
  3515 | D:5      | Found a basalt altar of Yredelemnul.
  3770 | D:5      | Found a burning altar of Makhleb.
  3975 | D:6      | Found a staircase to the Ecumenical Temple.
  4008 | D:6      | Noticed Edmund
  4033 | D:6      | Killed Edmund
  4033 | D:6      | Reached * piety under Okawaru
  4033 | D:6      | Reached skill level 9 in Axes
  4650 | D:6      | Gained mutation: You passively map the area around you. [Deep Dwarf growth]
  4650 | D:6      | Reached XP level 9. HP: 73/81 MP: 5/5
  4846 | D:7      | Found a sand-covered staircase.
  4859 | Ossuary  | Entered an ossuary
  4984 | Ossuary  | Reached skill level 10 in Axes
  5080 | D:7      | Reached ** piety under Okawaru
  5100 | D:7      | Found a flagged portal.
  5109 | Bailey   | Entered a bailey
  5119 | Bailey   | Gained mutation: You have sharp toenails. [potion of mutation]
  5119 | Bailey   | Gained mutation: You are agile. (Dex +2) [potion of mutation]
  5120 | Bailey   | Noticed a deep elf mage
  5128 | Bailey   | Killed a deep elf mage
  5128 | Bailey   | Reached skill level 5 in Armour
  5139 | Bailey   | Noticed a deep elf mage
  5140 | Bailey   | Noticed a deep elf mage
  5140 | Bailey   | Noticed a deep elf mage
  5141 | Bailey   | Noticed a deep elf mage
  5141 | Bailey   | Noticed a deep elf mage
  5147 | Bailey   | Killed a deep elf mage
  5151 | Bailey   | Killed a deep elf mage
  5151 | Bailey   | Reached skill level 11 in Axes
  5151 | Bailey   | Reached XP level 10. HP: 83/94 MP: 3/6
  5154 | Bailey   | Killed a deep elf mage
  5154 | Bailey   | Reached *** piety under Okawaru
  5156 | Bailey   | Killed a deep elf mage
  5159 | Bailey   | Killed a deep elf mage
  5159 | Bailey   | Reached **** piety under Okawaru
  5183 | Bailey   | Noticed a deep elf mage
  5192 | Bailey   | Killed a deep elf mage
  5244 | Bailey   | Noticed a deep elf knight
  5265 | Bailey   | Killed a deep elf knight
  5345 | Bailey   | Noticed a deep elf mage
  5351 | Bailey   | Killed a deep elf mage
  5351 | Bailey   | Reached skill level 12 in Axes
  5764 | D:8      | Noticed a two-headed ogre
  5775 | D:8      | Killed a two-headed ogre
  5775 | D:8      | Reached ***** piety under Okawaru
  5775 | D:8      | Reached XP level 11. HP: 97/103 MP: 2/5
  5913 | D:8      | Found a hide-covered altar of Uskayaw.
  6419 | D:8      | Found a blossoming altar of Fedhas.
  6419 | D:8      | Found a stormy altar of Qazlal.
  6789 | D:9      | Received a gift from Okawaru
  6837 | D:9      | Found a staircase to the Lair.
  7033 | D:9      | Found Hats's Gadget Shop.
  7436 | D:9      | Reached skill level 13 in Axes
  7521 | D:10     | Entered Level 10 of the Dungeon
  7563 | D:10     | Found a shimmering altar of Xom.
  8159 | D:10     | Reached skill level 10 in Shields
  8515 | D:11     | Noticed a brown ugly thing
  8515 | D:11     | Noticed a white ugly thing
  8607 | Lair:1   | Entered Level 1 of the Lair of Beasts
  8672 | Lair:1   | Received a gift from Okawaru
  8683 | Lair:1   | Got a pair of ichor-stained boots {god gift}
  8684 | Lair:1   | Identified the +0 pair of boots of the Shining Light {Str+2 Int+5 Dex-4} (Okawaru gifted it to you on level 1 of the Lair of Beasts)
  8769 | Lair:1   | Reached XP level 12. HP: 105/114 MP: 4/4
  9448 | Lair:2   | Reached skill level 14 in Axes
  9573 | Lair:2   | Noticed an eight-headed hydra
  9587 | Lair:2   | Found a staircase to the Snake Pit.
  9834 | Lair:2   | Killed a 14-headed hydra
 10318 | Lair:2   | Found a staircase to the Shoals.
 10554 | Lair:3   | Noticed a five-headed hydra
 10563 | Lair:3   | Killed an 11-headed hydra
 11194 | Lair:4   | Noticed Sonja
 11306 | Lair:4   | Reached skill level 15 in Axes
 11377 | Lair:4   | Noticed Kirke
 11387 | Lair:4   | Received a gift from Okawaru
 11397 | Lair:4   | Killed Kirke
 11397 | Lair:4   | Reached skill level 10 in Armour
 11401 | Lair:4   | Got a sapphire-encrusted plate armour {god gift}
 11402 | Lair:4   | Identified the +4 plate armour of the Sacrificial Victim {Slay+5} (Okawaru gifted it to you on level 4 of the Lair of Beasts)
 11467 | Lair:4   | Reached XP level 13. HP: 114/123 MP: 3/3
 11536 | Lair:4   | Reached skill level 10 in Fighting
 12145 | Lair:5   | Found a viscous altar of Jiyva.
 12145 | Lair:5   | Found a staircase to the Slime Pits.
 12262 | Lair:5   | Reached ****** piety under Okawaru
 12280 | Lair:5   | Reached skill level 16 in Axes
 12903 | Lair:6   | Entered Level 6 of the Lair of Beasts
 13030 | Lair:6   | Received a gift from Okawaru
 13694 | Lair:6   | Noticed a dire elephant
 13694 | Lair:6   | Noticed a dire elephant
 13700 | Lair:6   | HP: 6/126 [dire elephant (7)]
 13704 | Lair:6   | Slain by a dire elephant

Vault maps used:
D:1:      dpeg_arrival_three_smaller_balls
D:2:      minivault_4, uniq_sigmund, uniq_jessica
D:3:      minmay_door_path, first_ration
D:4:      kennysheep_generic_room_7
D:5:      lemuel_crystal_altar, okawaru_metal_pillars_1_2,
          overflow_temple_1_default, serial_shops, nicolae_shop_crystal,
          kennysheep_generic_room_4
D:6:      minmay_temple_entry_glassed_door, minmay_crystal_room,
          minmay_mini_ossuary, uniq_edmund
D:7:      enter_bailey_3, nicolae_ossuary_entry_monument
D:8:      grunt_temple_overflow_forces_of_nature, kennysheep_mini_moat,
          hangedman_little_slice_of_home, hangedman_decor_lopped
D:9:      david_lair_shrubbed, serial_shops, shop, special_room
D:10:     special_room, basic_altar
D:11:     lemuel_ice_spiral_2, david_orc_2, serial_shops, shop,
          hangedman_weighted_door, makhleb_altar_promises_db, uniq_psyche,
          uniq_grum
Lair:1:   beast_lair_carwin_large_2, cheibrodos_lair_reptile_den
Lair:2:   minmay_shoals_entry_hut, dummy_snake_entry
Lair:4:   uniq_kirke, uniq_sonja
Lair:5:   dpeg_slime_entry_enclosed_altar, grunt_megastairs_2,
          serial_bayou_shore_b, lemuel_fruit_fields
Lair:6:   due_jungle_book, serial_bayou_pond_e
Ossuary:  ossuary_tomb_2
Bailey:   bailey_polearm_3, bailey

Skill      XL: |  1  2  3  4  5  6  7  8  9 10 11 12 13 |
---------------+----------------------------------------+-----
Axes           | 3 4 5 6 7 9 11 12 13 15 16 | 16.5
Fighting       | 3 4 5 6 7 9 10 | 10.8
Shields        | 4 5 7 8 9 10 11 12 | 12.6
Armour         | 5 7 8 10 11 | 11.2

Action                   |  1- 3 |  4- 6 |  7- 9 | 10-12 | 13-15 || total
-------------------------+-------+-------+-------+-------+-------++-------
Melee: War axe           |    97 |    94 |   448 |   666 |   267 ||  1572
       Kick              |       |       |     5 |   130 |       ||   135
Invok: Heroism           |       |       |     6 |    25 |     2 ||    33
 Abil: Heal Wounds       |     1 |     1 |    15 |    28 |     6 ||    51
Evoke: Wand              |       |       |       |     1 |       ||     1
  Use: Scroll            |     4 |     4 |    12 |    12 |     4 ||    36
       Potion            |     3 |     4 |     6 |     9 |     7 ||    29
 Stab: Invisible         |       |       |       |     2 |       ||     2
  Eat: Chunk             |       |     3 |    10 |     2 |       ||    15
       Ration            |       |       |     2 |     5 |     2 ||     9
Armor: Scale mail        |    38 |    20 |    94 |     6 |       ||   158
       Chain mail        |       |       |       |   164 |       ||   164
       Plate armour      |       |       |       |     3 |   153 ||   156
Dodge: Dodged            |    21 |    14 |    51 |    90 |    33 ||   209
Block: Shield            |     6 |       |       |       |       ||     6
       Large shield      |    86 |    79 |   379 |   679 |   283 ||  1506

Table legend:
 A = Spawn XP
 B = Non-spawn XP
 C = Spawn XP percentage of total XP
 D = Spawn monster count
 E = Non-spawn monster count
 F = Spawn count percentage of total count
 G = Total turns spent on level
                    A         B        C        D         E        F      G
               +---------+---------+-------+---------+---------+-------+---------
         Total |       0 |   63830 |   0.0 |       0 |     496 |   0.0 | 13704
               +---------+---------+-------+---------+---------+-------+---------
           D:1 |       0 |      35 |   0.0 |       0 |      17 |   0.0 |   631
           D:2 |       0 |     364 |   0.0 |       0 |      20 |   0.0 |   964
           D:3 |       0 |     432 |   0.0 |       0 |      28 |   0.0 |   897
           D:4 |       0 |     754 |   0.0 |       0 |      23 |   0.0 |   881
           D:5 |       0 |     510 |   0.0 |       0 |      12 |   0.0 |   545
           D:6 |       0 |     811 |   0.0 |       0 |      26 |   0.0 |   863
           D:7 |       0 |    1519 |   0.0 |       0 |      34 |   0.0 |   474
           D:8 |       0 |    1485 |   0.0 |       0 |      19 |   0.0 |  1070
           D:9 |       0 |    3953 |   0.0 |       0 |      47 |   0.0 |   788
          D:10 |       0 |    2539 |   0.0 |       0 |      44 |   0.0 |  1002
          D:11 |       0 |     135 |   0.0 |       0 |       5 |   0.0 |    44
        Lair:1 |       0 |    5175 |   0.0 |       0 |      35 |   0.0 |  1068
        Lair:2 |       0 |    6415 |   0.0 |       0 |      24 |   0.0 |   742
        Lair:3 |       0 |    3568 |   0.0 |       0 |      14 |   0.0 |   709
        Lair:4 |       0 |    6619 |   0.0 |       0 |      21 |   0.0 |   761
        Lair:5 |       0 |   13966 |   0.0 |       0 |      58 |   0.0 |  1016
        Lair:6 |       0 |   10002 |   0.0 |       0 |      32 |   0.0 |   801
       Ossuary |       0 |      97 |   0.0 |       0 |      28 |   0.0 |   181
        Bailey |       0 |    5451 |   0.0 |       0 |       9 |   0.0 |   267
               +---------+---------+-------+---------+---------+-------+---------
